 Dungeon Crawl Stone Soup version 0.29-a0-1061-gbc57f8fbdb (webtiles) character file.

Game seed: 12148610660803245530

72 BritishOli the Trooper (level 4, -2/35 HPs)
             Began as a Demonspawn Fighter on Aug 18, 2022.
             Killed from afar by Sigmund (4 damage)
             ... with a magic dart
             ... on level 2 of the Dungeon.
             The game lasted 00:00:58 (1888 turns).

BritishOli the Trooper (Demonspawn Fighter)         Turns: 1888, Time: 00:00:58

Health: -2/35      AC:  6    Str: 18    XL:     4   Next: 7%
Magic:  4/4        EV:  9    Int: 10    God:
Gold:   94         SH:  4    Dex: 12    Spells: 3/3 levels left

rFire   . . .      SeeInvis .   a - +0 long sword
rCold   . . .      Faith    .   c - +0 buckler
rNeg    . . .      Spirit   .   b - +0 scale mail
rPois   .          Reflect  .   (helmet restricted)
rElec   .          Harm     .   (no cloak)
rCorr   .          Rampage  .   (no gloves)
Will    .....                   (no boots)
Stlth   ..........              (no amulet)
HPRegen 0.11/turn               (no ring)
MPRegen 0.09/turn               (no ring)

@: no status effects
A: antennae 1, foul stench 1
a: no special abilities


You were on level 2 of the Dungeon.
You visited 1 branch of the dungeon, and saw 2 of its levels.

You collected 94 gold pieces.

Inventory:

Hand Weapons
 a - a +0 long sword (weapon)
Armour
 b - a +0 scale mail (worn)
 c - a +0 buckler (worn)
Wands
 m - a wand of flame (28)
Scrolls
 e - a scroll of enchant weapon {unknown}
 f - a scroll of brand weapon {unknown}
 g - a scroll of noise {unknown}
 i - 2 scrolls of teleportation {unknown}
 l - a scroll of torment {unknown}
Potions
 d - a potion of might
 h - 4 potions of resistance {unknown}
 j - a potion of haste {unknown}
 k - a potion of flight {unknown}


   Skills:
 + Level 3.5 Fighting
 + Level 2.4 Long Blades
 + Level 3.2 Armour
 + Level 3.2 Shields


You had 3 spell levels left.
You didn't know any spells.
Your spell library was empty.

Dungeon Overview and Level Annotations

Branches:
Dungeon (2/15)

Altars:

Annotations:
D:2 Sigmund


Innate Abilities, Weirdness & Mutations

You have a pair of small antennae on your head.
You may rarely emit foul miasma when damaged in melee.


Message History

You slash Sigmund!
Sigmund is moderately wounded.
Sigmund gestures at you while chanting. The magic dart hits you.
You hit Sigmund but do no damage.
Sigmund is moderately wounded.
Sigmund barely misses you.
You hit Sigmund but do no damage.
Sigmund is moderately wounded.
Sigmund casts a spell at you. The puff of flame hits you!
You barely miss Sigmund.
Sigmund is moderately wounded.
Sigmund casts a spell at you.
You are confused.
You are too confused!
You are too confused!
You are too confused!
You are too confused!
You are too confused!
You are too confused!
Sigmund barely misses you.
Sigmund hits you from afar with a +0 scythe.
Sigmund hits you but does no damage.
You barely miss Sigmund.
Sigmund is moderately wounded.
You feel less confused. Sigmund gestures at you while chanting.
The puff of flame hits you.
You barely miss Sigmund.
Sigmund is moderately wounded.
Sigmund hits you with a +0 scythe.
* * * LOW HITPOINT WARNING * * *
You slash Sigmund!
Sigmund is heavily wounded.
Sigmund hits you with a +0 scythe!
* * * LOW HITPOINT WARNING * * *
Sigmund gestures at you while chanting. The magic dart hits you.
You die...

#######
#.@...#############
###.....##...........
#..@...........>.....
#.#.....##.#########.
#.#.....##.# #..... #
########.# #.###. #.#
#.###. #..####.##..
#...........


You could see Sigmund.

Vanquished Creatures
  A hound (D:2)
  An adder (D:2)
  4 endoplasms (D:1)
  2 giant cockroaches (D:1)
  4 goblins (D:1)
  3 hobgoblins
  5 jackals (D:1)
  2 quokkas
  A ball python (D:1)
  4 kobolds (D:1)
  2 rats (D:2)
29 creatures vanquished.

Notes
Turn   | Place    | Note
-------+----------+-------------------------------------------
     0 | D:1      | BritishOli the Demonspawn Fighter began the quest for the
                  | Orb.
     0 | D:1      | Reached XP level 1. HP: 18/18 MP: 1/1
   173 | D:1      | Gained mutation: You have a pair of small antennae on your
                  | head. [demonic ancestry]
   173 | D:1      | Reached XP level 2. HP: 24/24 MP: 2/2
  1117 | D:1      | Reached XP level 3. HP: 29/29 MP: 3/3
  1259 | D:2      | Noticed Sigmund
  1612 | D:2      | Found a faded altar of an unknown god.
  1693 | D:2      | Gained mutation: You may rarely emit foul miasma when
                  | damaged in melee. [demonic ancestry]
  1693 | D:2      | Reached XP level 4. HP: 27/35 MP: 4/4
  1888 | D:2      | Killed from afar by Sigmund

Illustrated notes

Levels and vault maps discovered:
D:1:      zelgadis_glass_arrival_small, layout_loops_ring
D:2:      layout_loops_ring, ebering_ecumenical_altar_abandoned, uniq_sigmund

Skill      XL: |  1  2 |
---------------+-------+-----
Long Blades    | 2 |  2.4
Armour         | 3 |  3.2
Shields        | 3 |  3.2
Fighting       | |  3.5

Action                   |  1- 3 |  4- 6 || total
-------------------------+-------+-------++-------
Melee: Long sword        |    89 |    12 ||   101
Armor: Scale mail        |    37 |     1 ||    38
Dodge: Dodged            |    38 |     7 ||    45
Block: Buckler           |    25 |     1 ||    26

Table legend: (Time is in decaauts)
 A = Elapsed time spent in this place.
 B = Non-inter-level travel time spent in this place.
 C = Inter-level travel time spent in this place.
 D = Time resting spent in this place.
 E = Time spent auto-exploring this place.
 F = Levels seen in this place.
 G = Mean time per level.
                   A        B        C        D        E       F      G
               +--------+--------+--------+--------+--------+-----+--------+
         Total |   1921 |   1893 |     28 |    543 |   1107 |   2 |  960.5 |
       Dungeon |   1921 |   1893 |     28 |    543 |   1107 |   2 |  960.5 |
               +--------+--------+--------+--------+--------+-----+--------+

Top non-repeatable levels by time:
     D:1: 1498 daAuts
     D:2: 422 daAuts
